 Dungeon Crawl Stone Soup version 0.19.0-2-gae57169 (webtiles) character file.

155 Pepeogr the Poker (level 5, -5/69 HPs)
             Began as a Draconian Monk on Nov 7, 2016.
             Slain by an ogre
             ... wielding a +0 giant club
              (11 damage)
             ... on level 3 of the Dungeon.
             The game lasted 00:18:06 (3810 turns).

Pepeogr the Poker (Draconian Monk)                  Turns: 3810, Time: 00:18:06

Health: -5/69      AC: 22    Str: 13    XL:     5   Next: 14%
Magic:  5/5        EV:  2    Int: 11    God:
Gold:   146        SH:  0    Dex: 19    Spells: 0 memorised, 4 levels left

rFire  . . .     SeeInvis .     a - +0 spear
rCold  . . .     Gourm    .     (armour unavailable)
rNeg   + + +     Faith    .     (no shield)
rPois  +         Spirit   .     (helmet currently unavailable)
rElec  .         Reflect  .     (cloak currently unavailable)
rCorr  .         Harm     .     (gloves currently unavailable)
MR     .....     NoTele   +     (boots currently unavailable)
Stlth  +++.......               (no amulet)
                                (no ring)
                                p - +4 ring of evasion

@: agile, tree-form (expiring)
A: unfitting armour, (cold-blooded), AC +5
a: no special abilities


You were on level 3 of the Dungeon.
You were not hungry.
You were a tree.
You visited 1 branch of the dungeon, and saw 3 of its levels.

You collected 146 gold pieces.

Inventory:

Hand Weapons
 a - a +0 spear (weapon)
 q - a +0 glaive
Missiles
 i - 3 javelins (quivered)
Armour
 g - a +0 pair of boots (melded)
 h - a +0 pair of gloves (melded)
Jewellery
 p - a +4 ring of evasion (left branch)
Scrolls
 b - 2 scrolls of amnesia
 o - 2 scrolls of identify
Potions
 k - 3 potions of curing
 u - a potion of degeneration {unknown}
Books
 j - a book of Minor Magic

   Spells                             Type                      Level
   a - Magic Dart                     Conjuration                  1
   b - Blink                          Translocation                2
   c - Call Imp                       Summoning                    2
   d - Repel Missiles                 Charms/Air                   2
   e - Slow                           Hexes                        2
   f - Conjure Flame                  Conjuration/Fire             3
   g - Mephitic Cloud                 Conjuration/Poison/Air       3
Comestibles
 c - a slice of pizza
 f - a fruit
 n - a beef jerky


   Skills:
 + Level 4.1 Fighting
 * Level 4.7 Polearms
 + Level 3.5 Dodging
 - Level 1.7 Stealth


You had 4 spell levels left.
You didn't know any spells.

Dungeon Overview and Level Annotations

Branches:
Dungeon (3/15)

Altars:


Innate Abilities, Weirdness & Mutations

((Your plain brown scales are hard. (AC +5)))
You cannot fit into any form of body armour.
((You are cold-blooded and may be slowed by cold attacks.))


Message History

The ogre barely misses you. The giant cockroach barely misses you.
The kobold hits you but does no damage.
The giant cockroach bites you but does no damage.
The ogre hits you but does no damage. The kobold hits you but does no damage.
The giant cockroach bites you but does no damage.
The kobold hits you but does no damage. The ogre barely misses you.
The giant cockroach completely misses you.
The kobold hits you with a short sword.
* * * LOW HITPOINT WARNING * * *
The giant cockroach bites you but does no damage.
The ogre hits you but does no damage. The giant cockroach barely misses you.
The kobold hits you but does no damage. The ogre hits you with a giant club!
* * * LOW HITPOINT WARNING * * *
The giant cockroach waves its antennae.
The giant cockroach bites you but does no damage.
The kobold hits you but does no damage.
The giant cockroach bites you but does no damage.
The ogre hits you with a giant club!
You die...

#.....# #...# #.........#
###.########## #.#..##.#.#
*#......# #,#..##.#,*
##.#.###.########.#..O..#,*
#.###.##.#........#.##S.#,*
##.#..##.#........#.s.....#
*#.#.##.#..............###
#......#..O....#[.....#*
#....>.#.♣s....#.......*
#.#.##.#.K.....#.)..?.##
#.#.##.#.......#.....##
#...........##.#**,***
#.#.#.......##.##*,*
#.#†#..##.#.#...#*,*
#$.....##.......##.#
#........##......#.#
##########.#(##...........#


You could see an ogre, a giant cockroach and a kobold.

Vanquished Creatures
  Ijyb (D:2)
  An iguana (D:3)
  3 adders (D:2)
  A shadow imp (D:3)
  An ooze (D:3)
  2 worms
  3 dart slugs
  A leopard gecko (D:1)
  6 orcs (D:3)
  3 bats
  3 giant cockroaches
  4 goblins
  2 hobgoblins
  8 kobolds
  2 quokkas (D:3)
  5 frilled lizards
  5 rats
51 creatures vanquished.

Notes
Turn   | Place    | Note
-------+----------+-------------------------------------------
     0 | D:1      | Pepeogr the Draconian Monk began the quest for the Orb.
     0 | D:1      | Reached XP level 1. HP: 19/19 MP: 1/1
   391 | D:1      | Reached XP level 2. HP: 26/26 MP: 2/2
  1395 | D:2      | Noticed Ijyb
  1447 | D:2      | Killed Ijyb
  1447 | D:2      | Reached XP level 3. HP: 14/33 MP: 3/3
  2354 | D:2      | Reached XP level 4. HP: 24/40 MP: 4/4
  3323 | D:3      | Noticed an ogre
  3553 | D:3      | Reached XP level 5. HP: 46/46 MP: 5/5
  3810 | D:3      | Slain by an ogre

Skill      XL: |  1  2  3 |
---------------+----------+-----
Dodging        | 3 |  3.5
Polearms       | 4 |  4.7
Fighting       | 4 |  4.1
Stealth        | |  1.7

Action                   |  1- 3 |  4- 6 || total
-------------------------+-------+-------++-------
Melee: Spear             |   112 |   140 ||   252
       Tailslap          |    13 |    20 ||    33
  Use: Scroll            |     3 |     6 ||     9
       Potion            |     2 |     6 ||     8
 Stab: Sleeping          |     3 |       ||     3
  Eat: Fruit             |     3 |     1 ||     4
       Bread ration      |     1 |       ||     1
       Meat ration       |       |     1 ||     1
Armor: Skin              |    30 |    78 ||   108
Dodge: Dodged            |    60 |   118 ||   178
